 Dungeon Crawl Stone Soup version 0.19.1-1-g22dce08 (webtiles) character file.

4321 RedPan the Basher (level 10, -9/74 HPs)
             Began as a Demonspawn Berserker on Dec 28, 2016.
             Was an Elder of Trog.
             Mangled by CDDA's ghost (22 damage)
             ... on level 8 of the Dungeon.
             The game lasted 00:24:50 (8678 turns).

RedPan the Basher (Demonspawn Berserker)            Turns: 8678, Time: 00:24:50

Health: -9/74      AC: 10    Str: 28    XL:     10   Next: 11%
Magic:  19/19      EV: 15    Int:  8    God:    Trog [****..]
Gold:   326        SH:  8    Dex: 14    Spells: 0 memorised, 9 levels left

rFire  + . .     SeeInvis .     m - +2 whip (flame)
rCold  + + .     Gourm    .     e - +2 robe {rC+ rF+}
rNeg   . . .     Faith    .     N - +0 shield
rPois  .         Spirit   .     u - +0 helmet
rElec  .         Reflect  .     o - +2 cloak
rCorr  .         Harm     .     l - +1 pair of gloves {Str+3}
MR     ++...                    (no boots)
Stlth  +.........               (no amulet)
                                w - ring of magical power
                                q - ring of protection from cold

@: mighty, regenerating
A: claws 2, demonic guardian 2, spiny 1, sturdy frame 1
a: Berserk, Trog's Hand, Brothers in Arms, Burn Spellbooks, Renounce Religion


You were on level 8 of the Dungeon.
You worshipped Trog.
Trog was greatly pleased with you.
You were not hungry.

You visited 1 branch of the dungeon, and saw 8 of its levels.
You also visited: Bailey.

You collected 571 gold pieces.
You spent 245 gold pieces at shops.

Inventory:

Hand Weapons
 a - a +0 mace
 g - a +1 flail
 m - a +2 whip of flaming (weapon)
 r - a -1 morningstar
 E - a +0 flail of protection
Armour
 e - a +2 robe of resistance (worn)
 h - a +0 pair of gloves
 k - a +2 robe of cold resistance
 l - a +1 pair of gloves of strength (worn)
 o - a +2 cloak (worn)
 u - a +0 helmet (worn)
 x - +1 gold dragon scales
 N - a +0 shield (worn)
Magical Staves
 M - an uncursed staff of power
Jewellery
 q - a ring of protection from cold (left hand)
 w - a ring of magical power (right hand)
 F - an uncursed amulet of rage
Wands
 s - a wand of digging (11/24)
 H - a wand of confusion (46/48)
 J - a wand of acid (9/15)
 K - a wand of paralysis (12/24)
Scrolls
 c - 3 scrolls of teleportation
 d - 3 scrolls of remove curse
 y - 2 scrolls of magic mapping
 G - a scroll of identify
 I - 2 scrolls of recharging
Potions
 b - a potion of cure mutation
 i - a potion of brilliance
 t - 2 potions of curing
 v - a potion of magic
 B - a potion of lignification
Books
 f - a book of Maledictions

   Spells                             Type                      Level
   a - Corona                         Hexes                        1
   b - Ensorcelled Hibernation        Hexes/Ice                    2
   c - Confuse                        Hexes                        3
   d - Tukima's Dance                 Hexes                        3
   e - Dazzling Spray                 Conjuration/Hexes            3
   Trog disapproves of the use of such an item.
 C - a book of Power

   Spells                             Type                      Level
   a - Fulminant Prism                Conjuration/Hexes            4
   b - Iskenderun's Mystic Blast      Conjuration                  4
   c - Venom Bolt                     Conjuration/Poison           5
   d - Bolt of Magma                  Conjuration/Fire/Earth       5
   e - Iron Shot                      Conjuration/Earth            6
   f - Orb of Destruction             Conjuration                  7
   g - Spellforged Servitor           Conjuration/Summoning        7
   Trog disapproves of the use of such an item.
 L - a book of Maledictions

   Spells                             Type                      Level
   a - Corona                         Hexes                        1
   b - Ensorcelled Hibernation        Hexes/Ice                    2
   c - Confuse                        Hexes                        3
   d - Tukima's Dance                 Hexes                        3
   e - Dazzling Spray                 Conjuration/Hexes            3
   Trog disapproves of the use of such an item.
Comestibles
 j - 3 beef jerkies
 p - a royal jelly
 z - 2 meat rations
 A - 7 bread rations


   Skills:
 - Level 5.0 Fighting
 + Level 10.0 Maces & Flails
 - Level 1.7 Armour
 - Level 9.0 Dodging
 + Level 0.0 Shields


You had 9 spell levels left.
You didn't know any spells.

Dungeon Overview and Level Annotations

Branches:
Dungeon (8/15)             Temple (0/1) D:6
   Lair: D:8-11

Altars:
Ashenzari
Fedhas
Gozag
Hepliaklqana
Makhleb
Nemelex Xobeh
Trog
Uskayaw
Vehumet
Yredelemnul
Zin
The Shining One

Shops:
D:5 }   D:6 ?

Annotations:
D:6 exclusion: statue
D:8 CDDA's ghost, novice DsFi


Innate Abilities, Weirdness & Mutations

You have very sharp fingernails.
A demonic guardian rushes to your aid.
You are partially covered in sharp spines.
Your movements are slightly less encumbered by armour. (ER -2)


Message History

Your shield prevents you from hitting CDDA's ghost.
CDDA's ghost is lightly damaged.
Your smoke demon hits CDDA's ghost but does no damage. x3
CDDA's ghost completely misses you.
You feel better.
Your smoke demon barely misses CDDA's ghost.
Your smoke demon hits CDDA's ghost but does no damage.
Your smoke demon hits CDDA's ghost.
CDDA's ghost hits you!!
* * * LOW HITPOINT WARNING * * *
Your smoke demon gestures at CDDA's ghost.
CDDA's ghost is smitten.
Okay, then.
You feel very mighty all of a sudden.
Your smoke demon barely misses CDDA's ghost. x2
Your smoke demon hits CDDA's ghost.
Okay, then.
Your skin crawls.
You feel resistant to hostile enchantments.
You feel somewhat more hungry. CDDA's ghost hits you!!
You die...

###########......# #..
.................#######..
.......................'..
#.......##......##.####..
#.......##......##.# #..
#.......##......##.# #..
#.......3......###.# #..
......†#.W##.##.# #.# ###
#########.@##....# #.#
.............###.# #.#
##########....##.#
#.###### #....####
#....... #....## #.......
######## #.....# #.......
.......# #.....## #.......
.......# #......# #.......
.......# #.####.##
#.......


You could see CDDA's ghost and a friendly smoke demon.

Vanquished Creatures
  The ghost of bosm the Carver, a novice DsGl of Makhleb (D:7)
  Pikel (D:5)
  An orc knight (Bailey)
  A hippogriff (D:4)
  A spriggan (D:7)
  Edmund (D:4)
  2 sky beasts (D:6)
  An orc warrior (Bailey)
  2 ice beasts
  A slave (D:5)
  A black bear (D:6)
  2 ogres (D:7)
  2 centaurs (D:6)
  4 scorpions
  4 crimson imps
  A howler monkey (D:6)
  A bullfrog zombie (D:6)
  A quasit (D:7)
  Crazy Yiuf (D:4)
  A hound (D:4)
  5 orc priests
  2 centaur skeletons
  A jelly (D:6)
  6 worker ants
  2 iguanas
  9 orc wizards
  Natasha (twice) (D:4)
  2 hound zombies
  A howler monkey zombie (D:7)
  9 adders
  7 gnolls
  3 oozes
  An adder skeleton (D:6)
  3 worms
  2 dart slugs
  5 leopard geckos
  28 orcs
  3 ball pythons
  5 giant cockroaches
  4 goblins
  6 hobgoblins
  4 jackals (D:2)
  A quokka (D:6)
  3 bats (D:1)
  5 frilled lizards
  2 jackal skeletons
  10 kobolds
  A quokka skeleton (D:6)
  A quokka zombie (D:5)
  6 rats
169 creatures vanquished.

Vanquished Creatures (collateral kills)
  The ghost of Oxelix the Skirmisher, a novice HOMo of Cheibriados (D:4)
  Grinder (D:4)
  Eustachio (D:4)
  An orc warrior (D:7)
  An orc wizard (D:7)
5 creatures vanquished.

Vanquished Creatures (others)
  A crimson imp (D:5)
1 creature vanquished.

Grand Total: 175 creatures vanquished

Notes
Turn   | Place    | Note
-------+----------+-------------------------------------------
     0 | D:1      | RedPan the Demonspawn Berserker began the quest for the Orb.
     0 | D:1      | Reached XP level 1. HP: 18/18 MP: 1/1
   146 | D:1      | Reached skill level 3 in Maces & Flails
   202 | D:1      | Gained mutation: You have sharp fingernails. [demonic ancestry]
   202 | D:1      | Reached XP level 2. HP: 24/24 MP: 2/2
   733 | D:2      | Found a hide-covered altar of Uskayaw.
   814 | D:2      | Reached XP level 3. HP: 29/29 MP: 3/3
   817 | D:2      | Found a faded altar of an unknown god.
   942 | D:2      | Reached skill level 4 in Maces & Flails
  1277 | D:2      | Reached ** piety under Trog
  1308 | D:2      | Gained mutation: You are partially covered in sharp spines. [demonic ancestry]
  1308 | D:2      | Reached XP level 4. HP: 35/35 MP: 4/4
  1812 | D:3      | Reached skill level 5 in Maces & Flails
  2315 | D:3      | Gained mutation: You have very sharp fingernails. [demonic ancestry]
  2315 | D:3      | Reached XP level 5. HP: 41/41 MP: 5/5
  2899 | D:4      | Noticed a hippogriff
  2909 | D:4      | Killed a hippogriff
  2909 | D:4      | Reached skill level 6 in Maces & Flails
  2909 | D:4      | Gained mutation: A weak demonic guardian rushes to your aid. [demonic ancestry]
  2909 | D:4      | Reached XP level 6. HP: 47/47 MP: 6/6
  2983 | D:4      | Reached skill level 7 in Maces & Flails
  3041 | D:4      | Gained mutation: A demonic guardian rushes to your aid. [demonic ancestry]
  3041 | D:4      | Reached XP level 7. HP: 52/52 MP: 7/7
  3130 | D:4      | Noticed Eustachio
  3148 | D:4      | Killed Eustachio
  3206 | D:4      | Noticed Edmund
  3211 | D:4      | Killed Edmund
  3211 | D:4      | Reached skill level 8 in Maces & Flails
  3354 | D:4      | Noticed Oxelix's ghost (novice HOMo)
  3361 | D:4      | Killed Oxelix's ghost
  3459 | D:4      | Noticed Grinder
  3476 | D:4      | Killed Grinder
  3476 | D:4      | Reached skill level 9 in Maces & Flails
  3476 | D:4      | Reached XP level 8. HP: 43/58 MP: 8/8
  3590 | D:4      | Noticed Natasha
  3596 | D:4      | Killed Natasha
  3717 | D:4      | Found a runed door.
  3721 | D:4      | Noticed Crazy Yiuf
  3731 | D:4      | Killed Crazy Yiuf
  3929 | D:4      | Noticed Natasha
  3937 | D:4      | Killed Natasha
  4054 | D:4      | Reached *** piety under Trog
  4106 | D:5      | Entered Level 5 of the Dungeon
  4274 | D:5      | Found Atumn's Gadget Shoppe.
  4327 | D:5      | Noticed Pikel
  4346 | D:5      | Killed Pikel
  4346 | D:5      | Reached skill level 10 in Maces & Flails
  4410 | D:5      | Found a basalt altar of Yredelemnul.
  5149 | D:6      | Found a radiant altar of Vehumet.
  5181 | D:6      | Found a blossoming altar of Fedhas.
  5429 | D:6      | Gained mutation: Your movements are slightly less encumbered by armour. (ER -2) [demonic ancestry]
  5429 | D:6      | Reached XP level 9. HP: 47/66 MP: 9/9
  5434 | D:6      | Found a sparkling altar of Nemelex Xobeh.
  5594 | D:6      | Found a bloodstained altar of Trog.
  5594 | D:6      | Found a shattered altar of Ashenzari.
  5610 | D:6      | Reached skill level 5 in Fighting
  5669 | D:6      | Found a staircase to the Ecumenical Temple.
  5741 | D:6      | Found a glowing golden altar of the Shining One.
  5772 | D:6      | Reached **** piety under Trog
  5780 | D:6      | Reached skill level 5 in Dodging
  5859 | D:6      | Found Zephoos's Magic Scroll Boutique.
  5862 | D:6      | Bought 2 scrolls of identify for 56 gold pieces
  5862 | D:6      | Bought a scroll of enchant weapon for 105 gold pieces
  5862 | D:6      | Bought a scroll of identify for 28 gold pieces
  5862 | D:6      | Bought a scroll of identify for 28 gold pieces
  5862 | D:6      | Bought a scroll of identify for 28 gold pieces
  6321 | D:7      | Noticed bosm's ghost (novice DsGl)
  6344 | D:7      | Killed bosm's ghost
  7034 | D:7      | Found an opulent altar of Gozag.
  7178 | D:8      | Found a flagged portal.
  7187 | Bailey   | Entered a bailey
  7265 | Bailey   | Noticed an orc knight
  7265 | Bailey   | Noticed an orc knight
  7273 | Bailey   | Noticed an orc knight
  7289 | Bailey   | HP: 1/102 [orc knight/glaive (27)]
  7292 | Bailey   | Killed an orc knight
  7292 | Bailey   | Reached XP level 10. HP: 2/74 MP: 10/10
  8215 | D:8      | Found a hazy altar of Hepliaklqana.
  8434 | D:8      | Found a burning altar of Makhleb.
  8609 | D:8      | Noticed a blizzard demon
  8613 | D:8      | Found a glowing silver altar of Zin.
  8613 | D:8      | Noticed an angel
  8665 | D:8      | Noticed CDDA's ghost (novice DsFi)
  8678 | D:8      | Mangled by CDDA's ghost

Skill      XL: |  1  2  3  4  5  6  7  8  9 10 |
---------------+-------------------------------+-----
Maces & Flails | 3 4 5 6 7 9 10 | 10.0
Dodging        | 3 8 9 |  9.0
Fighting       | 4 5 |  5.0
Armour         | |  1.7

Action                   |  1- 3 |  4- 6 |  7- 9 | 10-12 || total
-------------------------+-------+-------+-------+-------++-------
Melee: Mace              |    98 |    40 |       |       ||   138
       Flail             |       |    61 |    99 |       ||   160
       Whip              |       |       |   301 |    39 ||   340
Invok: Berserk           |     1 |     2 |     1 |       ||     4
       Trog's Hand       |       |     1 |     2 |     1 ||     4
       Burn Spellbooks   |       |       |     1 |       ||     1
  Use: Scroll            |       |     9 |    12 |     2 ||    23
       Potion            |       |     2 |     3 |     3 ||     8
 Stab: Sleeping          |       |     1 |       |       ||     1
       Distracted        |       |       |     1 |       ||     1
  Eat: Chunk             |     2 |     4 |    14 |     3 ||    23
       Bread ration      |       |     1 |       |       ||     1
       Fruit             |       |       |       |     3 ||     3
Armor: Robe              |    25 |    25 |    66 |     5 ||   121
Dodge: Dodged            |    69 |    48 |   160 |    19 ||   296
Block: Shield            |       |       |       |     1 ||     1
